cohdb
Replays
Latest Replays
All Replays
Popular Replays
Top Player Replays
Match Explorer
How It Works
Community
CoH3 Stats
Reddit
Sign in to upload your games and track your stats! →
Sign in with Steam
Match 41776104
Unlisted
Match 41776104
Overview
Messages
Build Orders
End
Construct Infanterie Kompanie
MG 42 Machine Gun Team
GrW 34 Mortar Team
Selects Terror Battlegroup
Selects Machine Gun Camouflage
GrW 34 Mortar Team
Construct Luftwaffe Kompanie
Jäger Squad
Jäger Squad
Jäger Squad
Pioneer Squad
Construct Panzer Kompanie
Selects Contempt for the Weak
Selects Defend the Fatherland
Katunar
Stalker
Mael Radec
-_Alexxitan_-
自由开火
玉面手雷王
narrzilla
CHADTOWNE
0
0
Comments
sign in to comment!
No comments posted yet!